AoeStats
← kentttt

Arena

510067960Analyzed
4v4 RM · 4d ago on Sep 29, 2026· 33m 52s· 8 players
Game mode
Random Map
Map size
Large (8 player)
Population
200
Speed
Normal
Resources
Standard
Victory
Conquest
Starting age
Dark Age
Ending age
Imperial Age
RankedLock teamsTeams togetherTeam positionsShared explorationLock speedFull tech treeHidden civsTurbo modeCheats
Victory
Defeat
🇨🇳 Varangians · China
1000
+36
🇨🇳 Saxons · China
929
+14
🇨🇳 Tatars · China
859
+16
🇬🇧 Saxons · United Kingdom
928
-17
🇪🇸 Spanish · Spain
873
-14
🇷🇴 Franks · Romania
858
-14
🇨🇿 Romans · Czechia
840
-13
Chu Ko Who?
0:37 Loom
10:00 Feudal Age
11:00 Double-Bit Axe
13:32 Wheelbarrow
20:02 Castle Age
18:35 Town Watch
19:08 Fletching
20:00 Stone Mining
24:07 Squires
25:02 Bow Saw
24:58 Arson
25:46 Forging
26:20 Gambesons
27:39 Scale Mail Armor
27:32 Horse Collar
30:09 Clerical Recruitment
Viper
5:03 Loom
11:19 Feudal Age
11:43 Horse Collar
11:56 Gold Mining
11:55 Double-Bit Axe
12:55 Wheelbarrow
14:53 Stone Mining
19:09 Fletching
23:02 Castle Age
21:32 Man-at-Arms
23:46 Forging
23:37 Scale Mail Armor
24:08 Bow Saw
25:44 Hand Cart
33:11 Heavy Plow
32:53 Long Swordsman
marcospett
0:45 Loom
11:26 Feudal Age
13:01 Wheelbarrow
12:14 Double-Bit Axe
12:14 Horse Collar
13:43 Stone Mining
13:54 Gold Mining
24:13 Castle Age
24:20 Scale Barding Armor
24:15 Scale Mail Armor
24:26 Forging
24:06 Fletching
24:17 Padded Archer Armor
26:16 Bow Saw
26:10 Heavy Plow
26:48 Stone Shaft Mining
26:25 Caravan
26:49 Hand Cart
29:17 Chain Mail Armor
35:22 Imperial Age
33:59 Chain Barding Armor
34:14 Iron Casting
33:36 Bodkin Arrow
33:56 Leather Archer Armor
34:11 Husbandry
34:22 Bloodlines
roLynxLynx
11:29 Feudal Age
12:24 Double-Bit Axe
17:15 Castle Age
15:33 Loom
17:27 Stone Mining
17:29 Gold Mining
18:16 Bow Saw
19:32 Wheelbarrow
23:31 Forging
23:26 Scale Barding Armor
27:43 Treadmill Crane
30:47 Imperial Age
29:11 Hand Cart
31:20 Murder Holes
32:14 Conscription
32:34 Iron Casting
32:19 Chain Barding Armor
33:11 Gambesons
32:46 Man-at-Arms
33:30 Scale Mail Armor
34:12 Gold Shaft Mining
Tamerlane
10:31 Feudal Age
11:07 Double-Bit Axe
14:42 Castle Age
12:56 Horse Collar
15:39 Bow Saw
19:25 Wheelbarrow
22:49 Heavy Plow
24:23 Hand Cart
25:19 Loom
26:21 Forging
26:16 Scale Barding Armor
29:40 Imperial Age
26:56 Town Watch
27:00 Treadmill Crane
27:57 Iron Casting
28:23 Bloodlines
28:13 Husbandry
28:26 Gold Mining
29:09 Chain Barding Armor
29:30 Silk Armor
30:38 Ballistics
29:41 Elite Steppe Lancer
30:59 Plate Barding Armor
31:25 Gold Shaft Mining
31:05 Light Cavalry
32:56 Guilds
33:19 Siege Engineers
32:55 Hussar
34:35 Blast Furnace
Market Blockers
10:43 Feudal Age
14:58 Castle Age
12:46 Double-Bit Axe
13:08 Horse Collar
15:01 Wheelbarrow
16:32 Bow Saw
18:07 Heavy Plow
28:11 Imperial Age
26:05 Forging
25:56 Scale Mail Armor
27:25 Hand Cart
26:56 Loom
26:56 Town Watch
27:07 Gambesons
27:22 Squires
27:07 Arson
28:38 Iron Casting
28:04 Scale Mail Armor
28:30 Scale Mail Armor
28:24 Stone Mining
28:25 Gold Mining
28:37 Elite Varangian Guard
29:10 Capped Ram
30:52 Gold Shaft Mining
31:19 Chain Mail Armor
31:55 Shield Wall
34:05 Plate Mail Armor
邦多利第一耐摔王-莫提斯
12:07 Feudal Age
16:00 Castle Age
15:04 Double-Bit Axe
15:00 Horse Collar
17:17 Bow Saw
17:12 Heavy Plow
21:26 Wheelbarrow
24:15 Hand Cart
28:50 Imperial Age
30:52 Chemistry
31:31 Two-Man Saw
31:03 Crop Rotation
31:07 Scale Barding Armor
31:12 Forging
kentttt
10:48 Feudal Age
9:52 Loom
15:01 Castle Age
13:25 Double-Bit Axe
13:35 Horse Collar
15:52 Bow Saw
20:23 Gold Mining
23:09 Wheelbarrow
24:59 Town Watch
31:08 Imperial Age
30:05 Scale Barding Armor
31:06 Forging
32:16 Bloodlines
34:45 Conscription
Connection lost

Rejoining the realm…

Still unreachable

The connection could not be restored.

Session expired

The server has moved on; the page needs a fresh start.